MLB
SAN DIEGO PADRES @ ARIZONA DIAMONDBACKS
05/11/2099
 
TOP OF THE 1ST
San Diego Padres batting - Pitching for Arizona Diamondbacks : RHP Enrique Vargas
Pitching: RHP Enrique Vargas
Batting: LHB Eric Schoonover 0-0: Ball
1-0: Called Strike
1-1: Ball
2-1: Ball
3-1: Base on Balls
Batting: RHB Jose Barillas 0-0: Ball
1-0: Called Strike
1-1: Ball
2-1: Foul Ball, location: 2F
2-2: Foul Ball, location: 2F
2-2: Ball
3-2: Foul Ball, location: 25FF
3-2: DOUBLE (Line Drive, 7LS, EV 91.3 MPH)
Eric Schoonover to third
Batting: LHB Joel Sherlock 0-0: Called Strike
0-1: Fly out, F7 (Flyball, 7LS, EV 90.6 MPH)
Batting: RHB Tony Woody 0-0: Ball
1-0: SINGLE (Groundball, 4MD, EV 105.0 MPH)
Eric Schoonover scores
Jose Barillas to third
Batting: RHB Chris Santos 0-0: Ball
1-0: Swinging Strike
1-1: Foul Ball, location: 3F
1-2: Foul Ball, location: 2F
1-2: Foul Ball, location: 2F
1-2: Strikes out swinging
Batting: RHB Alfredo Beltran 0-0: Called Strike
0-1: Ball
1-1: Ball
2-1: Foul Ball, location: 2F
2-2: Ball
3-2: Fly out, F8 (Line Drive, 8RM, EV 99.4 MPH)
Top of the 1st over - 1 run, 2 hits, 0 errors, 2 left on base; San Diego 1 - Arizona 0
BOTTOM OF THE 1ST
Arizona Diamondbacks batting - Pitching for San Diego Padres : LHP Robert Bartos
Pitching: LHP Robert Bartos
Batting: LHB Travis Lawlor 0-0: Called Strike
0-1: Foul Ball, location: 2F
0-2: Ball
1-2: Foul Ball, location: 9LSF
1-2: Ball
2-2: Strikes out swinging
Batting: SHB Jose Medina 0-0: Ball
1-0: SINGLE (Groundball, 23, EV 72.5 MPH) (infield hit)
Batting: LHB Eric Lawrence 0-0: Called Strike
0-1: Ball
1-1: Swinging Strike
1-2: Foul Ball, location: 7LMF
1-2: Ball
2-2: Foul Ball, location: 2F
2-2: Ball
3-2: Foul Ball, location: 2F
3-2: Foul Ball, location: 2F
3-2: DOUBLE (Flyball, 78XD, EV 111.3 MPH)
Jose Medina to third
Batting: RHB Jesse Cavallaro 0-0: Called Strike
0-1: Ball
1-1: Ball
2-1: Fly out, F9 (Flyball, 9S, EV 87.5 MPH)
Batting: LHB Eric Hamilton 0-0: Ball
1-0: Called Strike
1-1: Ball
2-1: Called Strike
2-2: Foul Ball, location: 23F
2-2: Foul Ball, location: 3FF
2-2: Foul Ball, location: 2F
2-2: Strikes out swinging
Bottom of the 1st over - 0 runs, 2 hits, 0 errors, 2 left on base; San Diego 1 - Arizona 0
TOP OF THE 2ND
San Diego Padres batting - Pitching for Arizona Diamondbacks : RHP Enrique Vargas
Batting: RHB Maxwell Judson 0-0: Swinging Strike
0-1: Foul Ball, location: 9LMF
0-2: Ground out 1-3 (Groundball, 15S, EV 70.0 MPH)
Batting: RHB John Ballard 0-0: Ball
1-0: Called Strike
1-1: Ball
2-1: Foul Ball, location: 3DF
2-2: Foul Ball, location: 9LDF
2-2: Ball
3-2: Fly out, F3 (Popup, 3SF, EV 76.9 MPH)
Batting: LHB R.J. Correll 0-0: Called Strike
0-1: Ball
1-1: Ball
2-1: Ball
3-1: Fly out, F8 (Line Drive, 8LM, EV 97.5 MPH)
Top of the 2nd over - 0 runs, 0 hits, 0 errors, 0 left on base; San Diego 1 - Arizona 0
BOTTOM OF THE 2ND
Arizona Diamondbacks batting - Pitching for San Diego Padres : LHP Robert Bartos
Batting: LHB Tim Cooke 0-0: Called Strike
0-1: Called Strike
0-2: Ball
1-2: Foul Ball, location: 2F
1-2: Ball
2-2: Fly out, F8 (Flyball, 8LD, EV 81.3 MPH)
Batting: RHB Gabe Bankole 0-0: Swinging Strike
0-1: Foul Ball, location: 9LMF
0-2: Ball
1-2: Ground out 5-3 (Groundball, 56, EV 107.5 MPH)
Batting: RHB Shawn Lindsey 0-0: Ball
1-0: SINGLE (Popup, 4MD, EV 68.1 MPH)
Batting: LHB Alex Castro 0-0: Called Strike
0-1: Ball
1-1: Called Strike
1-2: Ball
2-2: Ball
3-2: Fly out, F7 (Flyball, 78S, EV 90.0 MPH)
Bottom of the 2nd over - 0 runs, 1 hit, 0 errors, 1 left on base; San Diego 1 - Arizona 0
TOP OF THE 3RD
San Diego Padres batting - Pitching for Arizona Diamondbacks : RHP Enrique Vargas
Batting: LHB Eric Schoonover 0-0: Foul Ball, location: 7LSF
0-1: Called Strike
0-2: Foul Ball, location: 7LDF
0-2: Ball
1-2: SINGLE (Line Drive, 4D, EV 98.8 MPH)
Batting: RHB Jose Barillas 0-0: Called Strike
0-1: Called Strike
0-2: Fly out, F9 (Flyball, 9D, EV 105.0 MPH)
Batting: LHB Joel Sherlock 0-0: Ball
1-0: Ball
2-0: Foul Ball, location: 2RF
2-1: Fly out, F8 (Flyball, 8LXD, EV 76.3 MPH)
Batting: RHB Tony Woody 0-0: Ball
1-0: Ball
2-0: Fly out, F7 (Flyball, 7D, EV 87.5 MPH)
Top of the 3rd over - 0 runs, 1 hit, 0 errors, 1 left on base; San Diego 1 - Arizona 0
BOTTOM OF THE 3RD
Arizona Diamondbacks batting - Pitching for San Diego Padres : LHP Robert Bartos
Pitching: RHP Danny Ahlers
Batting: LHB Travis Lawlor 0-0: Called Strike
0-1: Ball
1-1: Foul Ball, location: 25F
1-2: Strikes out swinging
Batting: SHB Jose Medina 0-0: Ball
1-0: Ball
2-0: Ball
3-0: Base on Balls
Batting: LHB Eric Lawrence 0-0: Ball
1-0: Ball
2-0: Ball
3-0: Called Strike
3-1: Foul Ball, location: 7LSF
3-2: Foul Ball, location: 3F
3-2: Foul Ball, location: 7LSF
3-2: Foul Ball, location: 2F
3-2: DOUBLE (Flyball, 78XD, EV 101.3 MPH)
Jose Medina to third
Batting: RHB Jesse Cavallaro 0-0: Swinging Strike
0-1: Ground out 5-3 (Groundball, 56, EV 106.3 MPH)
Jose Medina scores
Batting: LHB Eric Hamilton 0-0: Ball
1-0: Swinging Strike
1-1: Called Strike
1-2: Ground out U3 (Groundball, 34, EV 88.8 MPH)
Bottom of the 3rd over - 1 run, 1 hit, 0 errors, 1 left on base; San Diego 1 - Arizona 1
TOP OF THE 4TH
San Diego Padres batting - Pitching for Arizona Diamondbacks : RHP Enrique Vargas
Batting: RHB Chris Santos 0-0: Foul Ball, location: 9LMF
0-1: Fly out, F8 (Flyball, 8RM, EV 94.4 MPH)
Batting: RHB Alfredo Beltran 0-0: Called Strike
0-1: Ball
1-1: SINGLE (Groundball, 4MD, EV 103.8 MPH)
Batting: RHB Maxwell Judson 0-0: Foul Ball, location: 9LMF
0-1: Swinging Strike
0-2: Ball
1-2: Foul Ball, location: 25F
1-2: Foul Ball, location: 2F
1-2: Ball
2-2: Ball
3-2: 2-RUN HOME RUN (Flyball, 7D, EV 95.6 MPH), Distance : 379 ft
Batting: RHB John Ballard 0-0: Called Strike
0-1: Ball
1-1: Ball
2-1: Ball
3-1: Base on Balls
Batting: LHB R.J. Correll 0-0: Ball
1-0: Foul Ball, location: 5F
Pickoff Throw to First - Out! 1-3
1-1: Foul Ball, location: 3F
1-2: Foul Ball, location: 2F
1-2: Ball
2-2: SINGLE (Line Drive, 89S, EV 98.8 MPH)
Batting: LHB Eric Schoonover 0-0: Ball
1-0: Called Strike
1-1: Fly out, F7 (Line Drive, 78M, EV 104.4 MPH)
Top of the 4th over - 2 runs, 3 hits, 0 errors, 1 left on base; San Diego 3 - Arizona 1
BOTTOM OF THE 4TH
Arizona Diamondbacks batting - Pitching for San Diego Padres : RHP Danny Ahlers
Batting: LHB Tim Cooke 0-0: Swinging Strike
0-1: DOUBLE (Flyball, 8LXD, EV 98.8 MPH)
Batting: RHB Gabe Bankole 0-0: Foul Ball, location: 2F
0-1: Ball
1-1: Ball
2-1: Ball
3-1: Foul Ball, location: 23F
3-2: Base on Balls
Batting: RHB Shawn Lindsey 0-0: SINGLE (Groundball, 4MD, EV 100.6 MPH)
Tim Cooke to third
Gabe Bankole to second
Runner from 3rd tries for Home, SAFE, throw by CF to home
Batting: LHB Alex Castro 0-0: Ball
1-0: SINGLE (Line Drive, 6MD, EV 104.4 MPH)
Gabe Bankole to third
Shawn Lindsey to second
Pitching: LHP Bryant Miller
Batting: LHB Travis Lawlor 0-0: Called Strike
0-1: Ball
1-1: Ball
2-1: Swinging Strike
2-2: Ball
3-2: Grounds into double play, 4-6-3 (Groundball, 4, EV 104.4 MPH)
Gabe Bankole scores
Shawn Lindsey to third
Batting: SHB Jose Medina 0-0: Ball
1-0: Ball
Wild Pitch!
Shawn Lindsey scores
2-0: Ball
3-0: Base on Balls
Batting: LHB Eric Lawrence 0-0: Foul Ball, location: 7LMF
0-1: Ball
1-1: Foul Ball, location: 5SF
1-2: Foul Ball, location: 23F
1-2: Foul Ball, location: 2F
1-2: Ball
2-2: Ball
3-2: Strikes out swinging
Bottom of the 4th over - 3 runs, 3 hits, 0 errors, 1 left on base; San Diego 3 - Arizona 4
TOP OF THE 5TH
San Diego Padres batting - Pitching for Arizona Diamondbacks : RHP Enrique Vargas
Batting: RHB Jose Barillas 0-0: SINGLE (Flyball, 89S, EV 93.8 MPH)
Batting: LHB Joel Sherlock 0-0: Ball
1-0: Called Strike
1-1: Foul Ball, location: 7LMF
1-2: Ball
2-2: Ball
3-2: Foul Ball, location: 5F
3-2: Fly out, F8 (Flyball, 8LD, EV 102.5 MPH)
Batting: RHB Tony Woody 0-0: Ball
1-0: Swinging Strike
1-1: Swinging Strike
1-2: Foul Ball, location: 23F
1-2: Grounds into double play, 5-4-3 (Groundball, 56, EV 101.3 MPH)
Top of the 5th over - 0 runs, 1 hit, 0 errors, 0 left on base; San Diego 3 - Arizona 4
BOTTOM OF THE 5TH
Arizona Diamondbacks batting - Pitching for San Diego Padres : LHP Bryant Miller
Batting: RHB Jesse Cavallaro 0-0: Called Strike
0-1: Foul Ball, location: 5F
0-2: Fly out, F2 (Popup, 5SF, EV 81.3 MPH)
Batting: LHB Eric Hamilton 0-0: Ball
1-0: Called Strike
1-1: Called Strike
1-2: Foul Ball, location: 9LSF
1-2: Strikes out looking
Batting: LHB Tim Cooke 0-0: Ball
1-0: Called Strike
1-1: Called Strike
1-2: Ball
2-2: Strikes out swinging
Bottom of the 5th over - 0 runs, 0 hits, 0 errors, 0 left on base; San Diego 3 - Arizona 4
TOP OF THE 6TH
San Diego Padres batting - Pitching for Arizona Diamondbacks : RHP Enrique Vargas
Batting: RHB Chris Santos 0-0: Fly out, F8 (Flyball, 8RM, EV 93.1 MPH)
Batting: RHB Alfredo Beltran 0-0: Ball
1-0: Called Strike
1-1: Swinging Strike
1-2: Ground out 6-3 (Groundball, 6M, EV 78.1 MPH)
Batting: RHB Maxwell Judson 0-0: Swinging Strike
0-1: DOUBLE (Flyball, 8RXD, EV 98.1 MPH)
Batting: RHB John Ballard 0-0: Ball
1-0: Called Strike
1-1: Ball
2-1: Ground out 6-3 (Groundball, 6, EV 80.6 MPH)
Top of the 6th over - 0 runs, 1 hit, 0 errors, 1 left on base; San Diego 3 - Arizona 4
BOTTOM OF THE 6TH
Arizona Diamondbacks batting - Pitching for San Diego Padres : LHP Bryant Miller
Batting: RHB Gabe Bankole 0-0: Ball
1-0: SOLO HOME RUN (Flyball, 7LD, EV 93.8 MPH), Distance : 343 ft
Batting: RHB Shawn Lindsey 0-0: Called Strike
0-1: Swinging Strike
0-2: Ball
1-2: Ball
2-2: Strikes out swinging
Pitching: RHP George Hulings
Batting: LHB Alex Castro 0-0: Ball
1-0: Foul Ball, location: 3DF
1-1: Ball
2-1: Ball
3-1: Swinging Strike
3-2: Ground out 6-3 (Groundball, P, EV 84.4 MPH)
Batting: LHB Travis Lawlor 0-0: Swinging Strike
0-1: Ball
1-1: Ball
2-1: Fly out, F7 (Flyball, 78M, EV 91.3 MPH)
Bottom of the 6th over - 1 run, 1 hit, 0 errors, 0 left on base; San Diego 3 - Arizona 5
TOP OF THE 7TH
San Diego Padres batting - Pitching for Arizona Diamondbacks : RHP Enrique Vargas
Pitching: LHP Frank Ippolito
Batting: LHB R.J. Correll 0-0: Ball
1-0: Ball
2-0: Called Strike
2-1: Foul Ball, location: 2LF
2-2: Ground out 4-3 (Groundball, 34D, EV 90.0 MPH)
Batting: LHB Eric Schoonover 0-0: Called Strike
0-1: Swinging Strike
0-2: Fly out, F5 (Line Drive, 5L, EV 98.1 MPH)
Batting: RHB Jose Barillas 0-0: Ball
1-0: Ball
2-0: Ball
3-0: Called Strike
3-1: Base on Balls
Batting: LHB Joel Sherlock 0-0: Ball
1-0: Ground out 1-3 (Groundball, 34S, EV 70.0 MPH)
Top of the 7th over - 0 runs, 0 hits, 0 errors, 1 left on base; San Diego 3 - Arizona 5
BOTTOM OF THE 7TH
Arizona Diamondbacks batting - Pitching for San Diego Padres : RHP George Hulings
Batting: SHB Jose Medina 0-0: Ball
1-0: SINGLE (Line Drive, 4D, EV 103.8 MPH)
Batting: LHB Eric Lawrence 0-0: Ball
1-0: Ball
2-0: Ball
3-0: Called Strike
3-1: Swinging Strike
3-2: Fielders Choice at 2nd, 4-6 (Groundball, 4, EV 86.3 MPH)
Batting: RHB Jesse Cavallaro 0-0: Called Strike
0-1: Foul Ball, location: 2F
0-2: Ball
1-2: Foul Ball, location: 2F
1-2: Ball
2-2: Foul Ball, location: 9LDF
2-2: 2-RUN HOME RUN (Flyball, 78XD, EV 98.8 MPH), Distance : 401 ft
Batting: LHB Eric Hamilton 0-0: Ball
1-0: Ball
2-0: Ball
3-0: Called Strike
3-1: SINGLE (Groundball, 34D, EV 98.1 MPH)
Batting: LHB Tim Cooke 0-0: Called Strike
0-1: Fly out, F2 (Popup, 2LF, EV 89.4 MPH)
Batting: RHB Gabe Bankole 0-0: Fielders Choice at 2nd, 6-4 (Groundball, 6, EV 90.6 MPH)
Bottom of the 7th over - 2 runs, 3 hits, 0 errors, 1 left on base; San Diego 3 - Arizona 7
TOP OF THE 8TH
San Diego Padres batting - Pitching for Arizona Diamondbacks : LHP Frank Ippolito
Pitching: RHP Derek Savard
Batting: RHB Tony Woody 0-0: Ball
1-0: Ball
2-0: Ball
3-0: Called Strike
3-1: Ground out 4-3 (Groundball, 4, EV 87.5 MPH)
Batting: RHB Chris Santos 0-0: Ball
1-0: Swinging Strike
1-1: Swinging Strike
1-2: Foul Ball, location: 3SF
1-2: Ground out 4-3 (Groundball, 4, EV 85.6 MPH)
Batting: RHB Alfredo Beltran 0-0: Ball
1-0: Called Strike
1-1: Ball
2-1: Swinging Strike
2-2: SINGLE (Groundball, 6MD, EV 94.4 MPH)
Batting: RHB Maxwell Judson 0-0: Called Strike
0-1: Ball
1-1: Called Strike
1-2: Ball
2-2: Ball
3-2: Foul Ball, location: 2F
3-2: Foul Ball, location: 2F
3-2: Fly out, F6 (Popup, 56, EV 52.5 MPH)
Top of the 8th over - 0 runs, 1 hit, 0 errors, 1 left on base; San Diego 3 - Arizona 7
BOTTOM OF THE 8TH
Arizona Diamondbacks batting - Pitching for San Diego Padres : RHP George Hulings
Pitching: LHP Jorge Espino
Batting: RHB Shawn Lindsey 0-0: Called Strike
0-1: Foul Ball, location: 2F
0-2: Ball
1-2: Fly out, F7 (Flyball, 7LS, EV 85.6 MPH)
Batting: LHB Alex Castro 0-0: Ground out 4-3 (Groundball, 4, EV 77.5 MPH)
Batting: LHB Travis Lawlor 0-0: Ball
1-0: Ball
2-0: Fly out, F7 (Line Drive, 7S, EV 105.0 MPH)
Bottom of the 8th over - 0 runs, 0 hits, 0 errors, 0 left on base; San Diego 3 - Arizona 7
TOP OF THE 9TH
San Diego Padres batting - Pitching for Arizona Diamondbacks : RHP Derek Savard
Pitching: RHP Bill Beatty
Batting: RHB John Ballard 0-0: Fly out, F9 (Line Drive, 89S, EV 93.8 MPH)
Batting: LHB R.J. Correll 0-0: Ball
1-0: Called Strike
1-1: TRIPLE (Flyball, 89XD, EV 109.4 MPH)
Batting: LHB Eric Schoonover 0-0: Foul Ball, location: 7LDF
0-1: Foul Ball, location: 2F
0-2: Ball
1-2: Ball
2-2: Foul Ball, location: 2F
2-2: SINGLE (Line Drive, 56D, EV 106.9 MPH)
R.J. Correll scores
Batting: RHB Jose Barillas 0-0: Called Strike
0-1: Ball
1-1: Fly out, F8 (Flyball, 89S, EV 96.9 MPH)
Batting: LHB Joel Sherlock 0-0: Ball
1-0: Called Strike
1-1: Fielders Choice at 2nd, U4 (Groundball, 4M, EV 82.5 MPH)
Top of the 9th over - 1 run, 2 hits, 0 errors, 1 left on base; San Diego 4 - Arizona 7
Friday, May 3rd , 2024 - OOTP Baseball 24.11 Build 85